 Dungeon Crawl Stone Soup version 0.31.0-9-g3a7656b989 (webtiles) character file.

Game seed: 3035607105094581786

3025 qw the Nimble (level 9, -3/45 HPs)
             Began as a Spriggan Hunter on Feb 2, 2024.
             Was a Believer of Okawaru.
             Slain by an orc warrior
             ... wielding a +0 short sword
              (12 damage)
             ... on level 7 of the Dungeon.
             The game lasted 00:00:27 (5095 turns).

qw the Nimble (Spriggan Hunter)                     Turns: 5095, Time: 00:00:28

Health: -3/45      AC:  3    Str:  7    XL:     9   Next: 55%
Magic:  13/13      EV: 28    Int: 11    God:    Okawaru [**....]
Gold:   310        SH:  0    Dex: 22    Spells: 8/8 levels left

rFire   . . .        p - +0 orcbow (drain)
rCold   + . .        (shield currently unavailable)
rNeg    . . .        c - +0 robe
rPois   .            (helmet restricted)
rElec   .            f - +0 cloak
rCorr   .            (gloves unavailable)
SInv    +            (boots unavailable)
Will    +....        (no amulet)
Stlth   ++           i - +2 ring of evasion
HPRegen 0.27/turn    q - ring of protection from cold
MPRegen 0.13/turn

%: no passive effects
@: about to teleport, very quick
A: very small, no large weapons, unfitting armour, see invisible, speed 3
a: Renounce Religion, Heroism


You were on level 7 of the Dungeon.
You worshipped Okawaru.
Okawaru was pleased with you.
You visited 1 branch of the dungeon, and saw 7 of its levels.
You also visited: Sewer.

You collected 376 gold pieces.
You spent 66 gold pieces at shops.


Innate Abilities, Weirdness & Mutations

You are very small and have problems with some larger weapons.
You are too small for most types of armour.
You have supernaturally acute eyesight. (SInv)
You cover ground extremely quickly. (Speed+++)


   Skills:
 - Level 4.0 Fighting
 - Level 10.0 Ranged Weapons
 + Level 10.1 Dodging
 - Level 1.5 Stealth
 - Level 4.2 Invocations


You had 8 spell levels left.
You didn't know any spells.
Your spell library was empty.

Inventory:

Hand Weapons
 p - a +0 orcbow of draining (weapon)
Armour
 c - a +0 robe (worn)
 f - a +0 cloak (worn)
Jewellery
 i - a +2 ring of evasion (left hand)
 q - a ring of protection from cold (right hand)
Wands
 a - a wand of digging (1)
 h - a wand of quicksilver (9)
Scrolls
 e - 9 scrolls of teleportation
Potions
 b - 2 potions of heal wounds
 d - 4 potions of enlightenment
 g - a potion of magic
 j - 3 potions of resistance
 k - a potion of lignification {unknown}
 m - a potion of brilliance {unknown}
 n - 2 potions of curing
 o - a potion of attraction {unknown}

Dungeon Overview and Level Annotations

Branches:
Dungeon (7/15)             Temple (0/1) D:7           Sewer (visited)

Altars:
Cheibriados
Okawaru
Qazlal

Shops:
D:2 =

Annotations:
D:2 1 runed translucent door, Crazy Yiuf
D:3 3 runed translucent doors, qw's ghost, amateur SpHu
D:4 1 runed translucent door


Message History

An orc comes into view. It is wielding a +0 short sword.
You shoot an arrow.
The arrow closely misses the orc priest.
An orc wizard comes into view. It is wielding a +0 dagger.
You shoot an arrow. The orc wizard shouts!
The arrow hits the orc priest!
The orc priest is almost dead.
You shoot an arrow.
The arrow hits the orc priest but does no damage.
The orc priest is almost dead.
The orc priest calls down the wrath of Beogh upon you.
Beogh smites you!
The orc priest miscasts a cantrip.
You shoot an arrow.
The arrow hits the orc priest but does no damage.
The orc priest is almost dead.
The orc priest misses you.
You shoot an arrow.
The arrow hits the orc priest but does no damage.
The orc priest is almost dead.
The orc priest mumbles some strange prayers to Beogh against you.
Beogh smites you!
You shoot an arrow.
The arrow hits the orc priest but does no damage.
The orc priest is almost dead.
You shoot an arrow. The arrow hits the orc priest!
You kill the orc priest!
Okawaru accepts your kill.
The orc priest mumbles some strange prayers to Beogh against you.
Beogh smites you! The orc wizard casts a spell at you. The magic dart hits you.
Your Fighting skill increases to level 4!
5095 ||| READING 10 scrolls of teleportation.
As you read the scroll of teleportation, it crumbles to dust.
You feel strangely unstable. The orc priest closely misses you.
The orc warrior hits you with a +0 short sword!
You die...

.... #. # .. ...##. ##.
#. ..#.... #... #.
.........# #...##.
#.....#.#.
.......########....##...
#.....oo................
......o.###.............
#....o@.............###
###......#..........###
#>####.........?..##. #.
###.####......#.. #.
#................ #
###................
#..................
##.................
#.................


You could see an orc warrior, an orc priest, an orc wizard and an orc.

Vanquished Creatures
  A kobold demonologist (D:6)
  Sigmund (D:5)
  Menkaure (D:7)
  A water moccasin (D:6)
  A sky beast (D:6)
  4 ice beasts
  2 ogres
  2 crocodiles (Sewer)
  2 centaurs
  2 gnoll sergeants (D:6)
  5 scorpions
  3 orc priests
  3 hounds
  2 jellies
  4 gnoll boudas
  A sleepcap (D:4)
  3 iguanas
  2 orc wizards
  A sickly merfolk siren (Sewer)
  A malarious merfolk avatar (Sewer)
  7 adders
  21 gnolls
  4 river rats (Sewer)
  2 white imps (D:6)
  2 ufetubi (D:6)
  A ribbon worm (D:2)
  A dart slug (D:1)
  18 orcs
  7 endoplasms
  10 giant cockroaches
  2 goblins
  5 hobgoblins
  3 kobolds
  7 quokkas
  9 ball pythons
  4 bats
  9 frilled lizards
  12 rats (Sewer)
166 creatures vanquished.

Vanquished Creatures (collateral kills)
  A rat (Sewer)
1 creature vanquished.

Vanquished Creatures (others)
  2 adders (Sewer)
  A rat zombie (Sewer)
3 creatures vanquished.

Grand Total: 170 creatures vanquished

Notes
Turn   | Place    | Note
-------+----------+-------------------------------------------
     0 | D:1      | qw the Spriggan Hunter began the quest for the Orb.
     0 | D:1      | Reached XP level 1. HP: 10/10 MP: 2/2
     0 | D:1      | 0 ||| qw: Version: 0.3-a-155-g5e7d8dd
     0 | D:1      | 0 ||| qw: Game counter: 724
     0 | D:1      | 0 ||| qw: Melee chars always use a shield: true
     0 | D:1      | 0 ||| qw: God list: Okawaru
     0 | D:1      | 0 ||| qw: Allow faded altars: false
     0 | D:1      | 0 ||| qw: Do Orc after clearing Dungeon:15 true
     0 | D:1      | 0 ||| qw: Do second Lair branch before Depths: true
     0 | D:1      | 0 ||| qw: Lair rune preference: random
     0 | D:1      | 0 ||| qw: Goals: Normal
     0 | D:1      | 0 ||| PLANNING D:1-11
    46 | D:1      | Reached skill level 3 in Dodging
   216 | D:1      | Found a faded altar of an unknown god.
   219 | D:1      | Reached XP level 2. HP: 14/14 MP: 3/3
   874 | D:1      | 874 ||| READING 2 scrolls labelled OSIATZ YVEIZ.
   878 | D:1      | 878 ||| READING scroll labelled JULIEC PYACS.
   878 | D:1      | 878 ||| BRANDING +0 shortbow.
   879 | D:1      | 879 ||| READING 2 scrolls labelled RUKKIM DATSY.
   879 | D:1      | 879 ||| ENCHANTING +0 shortbow of chaos.
   880 | D:1      | 880 ||| READING scroll of enchant weapon.
   880 | D:1      | 880 ||| ENCHANTING +1 shortbow of chaos.
   881 | D:1      | 881 ||| DROPPING scroll of butterflies.
   905 | D:2      | 905 ||| STAIRDANCE
  1026 | D:2      | Reached XP level 3. HP: 18/18 MP: 4/4
  1036 | D:2      | 1036 ||| FLEEEEING.
  1248 | D:2      | Found a stormy altar of Qazlal.
  1260 | D:2      | 1260 ||| READING scroll of enchant weapon.
  1260 | D:2      | 1260 ||| ENCHANTING +2 shortbow of chaos.
  1289 | D:2      | Found Foima's One-of-a-Kind Rings.
  1302 | D:2      | 1302 ||| BUYING +2 ring of evasion (66 gold).
  1302 | D:2      | Bought a +2 ring of evasion for 66 gold pieces
  1302 | D:2      | 1302 ||| SHOPLISTING +3 ring of dexterity (110 gold, have
                  | 3).
  1302 | D:2      | 1302 ||| SHOPLISTING +6 ring of protection (858 gold, have
                  | 3).
  1302 | D:2      | 1302 ||| SHOPLISTING +7 ring of dexterity (495 gold, have
                  | 3).
  1302 | D:2      | 1302 ||| SHOPLISTING +8 ring of strength (605 gold, have
                  | 3).
  1302 | D:2      | 1302 ||| SHOPLISTING ring "Sanome Ficom" {Will+ Int+4
                  | Slay+3 SInv} (534 gold, have 3).
  1316 | D:2      | Found a runed translucent door.
  1317 | D:2      | Noticed Crazy Yiuf
  1460 | D:2      | 1460 ||| UPGRADING to +0 cloak.
  1465 | D:2      | 1465 ||| UPGRADING to +2 ring of evasion.
  1466 | D:2      | 1466 ||| READING scroll labelled CIGIWU LIWA.
  1588 | D:3      | 1588 ||| PLANNING SEWER
  1622 | D:3      | Reached XP level 4. HP: 22/22 MP: 5/5
  1637 | D:3      | 1637 ||| READING 2 scrolls of enchant weapon.
  1637 | D:3      | 1637 ||| ENCHANTING +3 shortbow of chaos.
  1638 | D:3      | 1638 ||| READING scroll of enchant weapon.
  1638 | D:3      | 1638 ||| ENCHANTING +4 shortbow of chaos.
  1873 | D:3      | Found a runed translucent gate.
  1873 | D:3      | Found a runed translucent gate.
  1873 | D:3      | Found a runed translucent gate.
  1874 | D:3      | Noticed qw's ghost (amateur SpHu)
  1919 | D:3      | Found a glowing drain.
  1921 | D:3      | 1921 ||| READING scroll labelled OSITONUDAIFF.
  1964 | D:3      | 1964 ||| READING scroll labelled SAUWAU DYUV.
  1964 | D:3      | 1964 ||| IDENTIFYING golden potion
  1974 | Sewer    | Entered a sewer
  2083 | Sewer    | Noticed a crocodile
  2084 | Sewer    | Reached XP level 5. HP: 25/26 MP: 6/6
  2091 | Sewer    | Killed a crocodile
  2102 | Sewer    | Reached skill level 6 in Ranged Weapons
  2178 | Sewer    | Noticed a crocodile
  2179 | Sewer    | Reached XP level 6. HP: 30/30 MP: 7/7
  2188 | Sewer    | Reached skill level 6 in Dodging
  2334 | Sewer    | 2334 ||| READING scroll labelled WEKOIKAAK AFEMM.
  2385 | D:3      | 2385 ||| PLANNING D:1-11
  2493 | D:4      | Reached XP level 7. HP: 35/35 MP: 8/8
  2539 | D:4      | 2539 ||| FLEEEEING.
  2540 | D:4      | 2540 ||| FLEEEEING.
  2541 | D:4      | 2541 ||| FLEEEEING.
  2542 | D:4      | 2542 ||| FLEEEEING.
  2543 | D:4      | 2543 ||| FLEEEEING.
  2544 | D:4      | 2544 ||| FLEEEEING.
  2545 | D:4      | 2545 ||| FLEEEEING.
  2546 | D:4      | 2546 ||| FLEEEEING.
  2548 | D:4      | 2548 ||| FLEEEEING.
  2549 | D:4      | 2549 ||| FLEEEEING.
  2550 | D:4      | 2550 ||| FLEEEEING.
  2551 | D:4      | 2551 ||| FLEEEEING.
  2552 | D:4      | 2552 ||| FLEEEEING.
  2553 | D:4      | 2553 ||| FLEEEEING.
  2554 | D:4      | 2554 ||| FLEEEEING.
  2745 | D:4      | Found an iron altar of Okawaru.
  2745 | D:4      | Found a runed translucent door.
  2746 | D:4      | 2746 ||| PLANNING OKAWARU WORSHIP
  2746 | D:4      | 2746 ||| READING scroll of identify.
  2746 | D:4      | 2746 ||| IDENTIFYING smoky clear potion
  2747 | D:4      | 2747 ||| READING scroll labelled SEJIWE VOFRY.
  2753 | D:4      | Found the +0 toga "Victory" {*Victory Clar}
  2755 | D:4      | Became a worshipper of Warmaster Okawaru
  2756 | D:4      | 2756 ||| PLANNING D:1-11
  3142 | D:4      | 3142 ||| READING scroll of identify.
  3142 | D:4      | 3142 ||| IDENTIFYING amethyst potion
  3143 | D:4      | 3143 ||| READING scroll labelled KUEQ IGHADUUK.
  3144 | D:4      | 3144 ||| READING scroll labelled IBOZUF PUANG.
  3146 | D:4      | 3146 ||| Stepping ~*~*~tactically~*~*~ (cloud).
  3327 | D:5      | Entered Level 5 of the Dungeon
  3334 | D:5      | Found a snail-covered altar of Cheibriados.
  3416 | D:5      | 3416 ||| DRINKING potion of haste.
  3518 | D:5      | Noticed Sigmund
  3525 | D:5      | Killed Sigmund
  3598 | D:5      | 3598 ||| RETREEEEATING.
  3599 | D:5      | 3599 ||| RETREEEEATING.
  3602 | D:5      | Reached XP level 8. HP: 39/39 MP: 9/9
  3607 | D:5      | Reached skill level 3 in Fighting
  3610 | D:5      | Reached * piety under Okawaru
  3679 | D:5      | Reached skill level 1 in Invocations
  3789 | D:5      | 3789 ||| SWAPPING to +0 orcbow.
  3790 | D:5      | 3790 ||| DROPPING +5 shortbow of chaos.
  3958 | D:5      | 3958 ||| READING scroll of identify.
  3958 | D:5      | 3958 ||| IDENTIFYING inky potion
  3959 | D:5      | 3959 ||| READING scroll labelled NIWIUG NENA.
  4034 | D:6      | Reached skill level 3 in Invocations
  4078 | D:6      | 4078 ||| FLEEEEING.
  4248 | D:6      | Noticed a kobold demonologist
  4249 | D:6      | 4249 ||| INVOKING Heroism.
  4251 | D:6      | 4251 ||| DRINKING potion of haste.
  4279 | D:6      | Reached skill level 9 in Ranged Weapons
  4279 | D:6      | Killed a kobold demonologist
  4279 | D:6      | Reached ** piety under Okawaru
  4280 | D:6      | Reached skill level 9 in Dodging
  4280 | D:6      | Reached XP level 9. HP: 17/44 MP: 11/13
  4522 | D:6      | 4522 ||| READING 3 scrolls of brand weapon.
  4522 | D:6      | 4522 ||| BRANDING +0 orcbow.
  4523 | D:6      | 4523 ||| READING 2 scrolls of brand weapon.
  4523 | D:6      | 4523 ||| BRANDING +0 orcbow of draining.
  4524 | D:6      | 4524 ||| READING scroll of brand weapon.
  4524 | D:6      | 4524 ||| BRANDING +0 orcbow of freezing.
  4898 | D:6      | 4898 ||| DROPPING ring of wizardry.
  4899 | D:6      | 4899 ||| UPGRADING to ring of protection from cold.
  4900 | D:6      | 4900 ||| READING scroll labelled MAQARO ACIOCW.
  4901 | D:6      | 4901 ||| READING scroll labelled ROET WIVUENUM.
  4902 | D:6      | 4902 ||| DRINKING 3 white potions.
  4903 | D:6      | 4903 ||| DROPPING wand of flame (21).
  4940 | D:7      | Found a staircase to the Ecumenical Temple.
  4942 | D:7      | 4942 ||| STAIRDANCE
  4953 | D:7      | 4953 ||| STAIRDANCE
  4963 | D:7      | 4963 ||| STAIRDANCE
  4991 | D:7      | 4991 ||| STAIRDANCE
  5009 | D:7      | 5009 ||| STAIRDANCE
  5015 | D:7      | 5015 ||| STAIRDANCE
  5047 | D:7      | Noticed Menkaure
  5049 | D:7      | 5049 ||| INVOKING Heroism.
  5051 | D:7      | Killed Menkaure
  5094 | D:7      | HP: 9/45 [orc wizard/magic dart (4)]
  5095 | D:7      | 5095 ||| READING 10 scrolls of teleportation.
  5095 | D:7      | Slain by an orc warrior

Levels and vault maps discovered:
D:1:      lightli_arrival_noodles, layout_loops_corners,
          chequers_ecumenical_altar_simple_redux
D:2:      layout_rooms, basic_altar, nicolae_shop_unique_rings,
          uniq_crazy_yiuf_cottage
D:3:      layout_rooms, gammafunk_ghost_necromancy, gup_sewer_entry_pipe
D:4:      layout_loops_cross, nicolae_overflow_guarded_unrand_okawaru_victory
D:5:      layout_cave_pools, lemuel_round_altar, uniq_sigmund
D:6:      layout_rooms, minmay_joined_circles
D:7:      layout_rooms, minmay_temple_entry_overgrown, uniq_menkaure

Skill      XL: |  1  2  3  4  5  6  7  8  9 |
---------------+----------------------------+-----
Dodging        | 3 4 5 6 7 9 10 | 10.1
Ranged Weapons | 5 6 7 8 9 10 | 10.0
Fighting       | 2 3 4 |  4.0
Invocations    | 4 |  4.2
Stealth        | |  1.5

Action                     |  1- 3 |  4- 6 |  7- 9 || total
---------------------------+-------+-------+-------++-------
   Fire: Shortbow          |    78 |    96 |    87 ||   261
         Orcbow            |       |       |   210 ||   210
 Invoke: Heroism           |       |       |     2 ||     2
    Use: Scroll            |     6 |     5 |    13 ||    24
         Potion            |       |       |     3 ||     3
 Armour: Robe              |     7 |     7 |    39 ||    53
  Dodge: Dodged            |    15 |    23 |   152 ||   190

Table legend:
 A = Non-vault XP
 B = Vault XP
 C = Vault XP percentage of total XP
 D = Non-vault monster count
 E = Vault monster count
 F = Vault count percentage of total count
                 A         B        C        D         E       F
            +---------+---------+-------+---------+---------+-------
      Total |    2618 |    1704 |  39.4 |     112 |      57 |  33.7
            +---------+---------+-------+---------+---------+-------
        D:1 |      28 |       0 |   0.0 |      14 |       0 |   0.0
        D:2 |      67 |       0 |   0.0 |      16 |       0 |   0.0
        D:3 |      30 |      16 |  34.8 |      10 |       8 |  44.4
        D:4 |     419 |       0 |   0.0 |      16 |       0 |   0.0
        D:5 |     732 |     231 |  24.0 |      17 |       1 |   5.6
        D:6 |    1272 |     873 |  40.7 |      36 |      13 |  26.5
        D:7 |      70 |     175 |  71.4 |       3 |       1 |  25.0
      Sewer |       0 |     409 | 100.0 |       0 |      34 | 100.0
            +---------+---------+-------+---------+---------+-------
